 Dungeon Crawl Stone Soup version 0.15.0-14-g6bbbb5c (webtiles) character file.

88 Kashira the Sneak (level 4, 0/37 HPs)
             Began as a Naga Enchanter on Sept 3, 2014.
             Slain by Bubba's ghost (1 damage)
             ... on Level 3 of the Dungeon.
             The game lasted 00:12:27 (2423 turns).

Kashira the Sneak (Naga Enchanter)                  Turns: 2423, Time: 00:12:28

HP   0/37        AC  3     Str 11      XL: 4   Next: 54%
MP   2/8         EV 10     Int 16      God:
Gold 130         SH  0     Dex 11      Spells:  3 memorised,  1 level left

rFire  . . .     SeeInvis +     m - +0 mace (curse)
rCold  . . .     Clarity  .     b - +1 robe
rNeg   . . .     rCorr    .     (no shield)
rPois  +         rRot     .     (no helmet)
rElec  .         Spirit   .     (no cloak)
SustAb .         Warding  .     (no gloves)
rMut   .         Stasis   .     (no barding)
Gourm  .                        e - amulet of faith
MR     .....                    (no ring)
                                (no ring)

@: very slightly contaminated, very slow, not resistant to hostile enchantments,
fairly stealthy
A: spit poison, see invisible, deformed body, poison resistance, slowness 2, AC
+1
a: Spit Poison


You were on level 3 of the Dungeon.
You were very hungry.

You visited 1 branch of the dungeon, and saw 3 of its levels.

You collected 130 gold pieces.

Inventory:

Hand weapons
 m - a cursed +0 mace (weapon)
 o - a +0 flail of protection
Armour
 b - a +1 robe (worn)
Comestibles
 d - a bread ration
 f - 4 fruits
Scrolls
 k - a scroll of identify
Jewellery
 e - an amulet of faith (around neck)
Potions
 a - 2 potions of cancellation {unknown}
 g - a potion of restore abilities {unknown}
 h - a potion of might {unknown}
 i - a potion of lignification {unknown}
 j - a potion of agility {unknown}
 l - a potion of heal wounds {unknown}
 n - 2 potions of cure mutation {unknown}
Books
 c - a book of Maledictions

   Spells                             Type                      Level
   *Corona                            Hexes                        1
   Sure Blade                         Hexes/Charms                 2
   Ensorcelled Hibernation            Hexes/Ice                    2
   *Confuse                           Hexes                        3
   *Dazzling Spray                    Conjuration/Hexes            3
   Enslavement                        Hexes                        4


   Skills:
 + Level 0.6 Fighting
   Level 1.0 Short Blades
 + Level 0.2 Maces & Flails
 + Level 2.6 Dodging
 - Level 4.4 Stealth
 + Level 2.7 Spellcasting
 + Level 0.2 Conjurations
 + Level 3.6 Hexes


You had one spell level left.
You knew the following spells:

 Your Spells              Type           Power        Failure   Level  Hunger
a - Corona                Hex            ##.....      6%          1    #......
b - Dazzling Spray        Conj/Hex       #.......     28%         3    ###....
c - Confuse               Hex            ##......     14%         3    ###....


Dungeon Overview and Level Annotations

Branches:
Dungeon (3/15)

Altars:

Annotations:
D:3 Bubba's ghost, weakling DDHe


Innate Abilities, Weirdness & Mutations

You cannot wear boots.
You can spit poison.
Your serpentine skin is tough (AC +1).
You have supernaturally acute eyesight.
Armour fits poorly on your strangely shaped body.
Your system is resistant to poisons.
You cover ground very slowly.


Message History

Bubba's ghost freezes you. Bubba's ghost barely misses you.
Bubba's ghost hits you. Bubba's ghost freezes you.
Bubba's ghost hits you but does no damage.
Bubba's ghost whispers, "The ORB doesn't exist."
Bubba's ghost hits you but does no damage.
You are feeling very hungry.
Bubba's ghost hits you!
* * * LOW HITPOINT WARNING * * *
Bubba's ghost freezes you.
* * * LOW HITPOINT WARNING * * *
Bubba's ghost hits you.
* * * LOW HITPOINT WARNING * * *
Bubba's ghost freezes you.
* * * LOW HITPOINT WARNING * * *
There is a stone staircase leading up here.
Bubba's ghost hits you.
* * * LOW HITPOINT WARNING * * *
Bubba's ghost freezes you.
You die...

#.# #.#.###.....#.. #.###.#
#.#.........#.. #.#...#.#
#.####......#.. #.......#.#
#.# #......### #.......#.# #.#
#......#
#.......#.####.####......###
#.......#.>.................
#.......#................... .
#..........@W...##.......###
....#.......#.#.....##......(#
....'.......#.########.......#
....#....[..........##.......#
#.........#####.##.......#
#......#..## #.##.......#
#.............#.###.######
#....................#
#..♣P.PP♣............#


You could see Bubba's ghost.

Vanquished Creatures
  An adder (D:2)
  A giant mite (D:1)
  3 giant geckos (D:1)
  An ooze (D:3)
  3 orcs (D:3)
  8 hobgoblins
  3 jackals (D:3)
  7 kobolds
  2 quokkas
  A ball python (D:2)
  12 bats
  6 giant cockroaches
  8 giant newts
  6 goblins
62 creatures vanquished.

Notes
Turn   | Place    | Note
--------------------------------------------------------------
     0 | D:1      | Kashira, the Naga Enchanter, began the quest for the Orb.
     0 | D:1      | Reached XP level 1. HP: 15/15 MP: 3/3
    87 | D:1      | Reached XP level 2. HP: 14/22 MP: 2/4
   964 | D:1      | Reached XP level 3. HP: 22/28 MP: 4/6
   969 | D:1      | Learned a level 3 spell: Dazzling Spray
  1360 | D:2      | Reached XP level 4. HP: 24/37 MP: 4/8
  2053 | D:3      | Noticed Bubba's ghost (weakling DDHe)
  2059 | D:3      | Learned a level 3 spell: Confuse
  2423 | D:3      | HP: 1/37 [Bubba's ghost (1)]
  2423 | D:3      | Slain by Bubba's ghost

Action                   |  1- 3 |  4- 6 || total
-------------------------+-------+-------++-------
Melee: Dagger            |    13 |       ||    13
       Club              |    52 |       ||    52
       Spear             |     5 |     2 ||     7
       Mace              |       |    35 ||    35
 Cast: Corona            |     7 |     1 ||     8
       Dazzling Spray    |     5 |     8 ||    13
       Confuse           |       |     1 ||     1
 Abil: Spit Poison       |    40 |    24 ||    64
  Use: Scroll            |     3 |       ||     3
 Stab: Sleeping          |     2 |     1 ||     3
  Eat: Chunk             |     5 |     6 ||    11
